 Dungeon Crawl Stone Soup version 0.21.1-1-g345015f (webtiles) character file.

44 diana the Slasher (level 3, -5/28 HPs)
             Began as a Barachi Skald on May 27, 2018.
             Killed from afar by Robin (6 damage)
             ... with a wand of flame (12)
             ... on level 2 of the Dungeon.
             The game lasted 00:02:45 (1169 turns).

diana the Slasher (Barachi Skald)                   Turns: 1169, Time: 00:02:47

Health: -5/28      AC:  3    Str: 12    XL:     3   Next: 62%
Magic:  0/6        EV: 12    Int: 13    God:
Gold:   97         SH:  0    Dex: 12    Spells: 5/6 levels left

rFire    . . .     SeeInvis .   a - +0 falchion
rCold    . . .     Gourm    .   (no shield)
rNeg     . . .     Faith    .   b - +0 leather armour
rPois    .         Spirit   .   (no helmet)
rElec    .         Reflect  .   (no cloak)
rCorr    .         Harm     .   (no gloves)
MR       .....                  (no boots)
Stlth    +.........             (no amulet)
HPRegen  0.09/turn              (no ring)
MPRegen  0.10/turn              (no ring)

@: infused (expiring), slow
A: +LOS, swims, slowness 1, strong legs 1
a: Hop


You were on level 2 of the Dungeon.
You were very hungry.

You visited 1 branch of the dungeon, and saw 2 of its levels.

You collected 97 gold pieces.

Inventory:

Hand Weapons
 a - a +0 falchion (weapon)
Armour
 b - a +0 leather armour (worn)
Scrolls
 f - a scroll of fog {unknown}
 i - a scroll of enchant weapon {unknown}
 j - a scroll of identify {unknown}
Potions
 e - 2 potions of curing {unknown}
 g - a potion of heal wounds {unknown}
 h - a potion of mutation {unknown}
Books
 c - a book of Battle

   Spells                             Type                      Level
   a - Infusion                       Charms                       1
   b - Shroud of Golubria             Charms/Translocation         2
   c - Song of Slaying                Charms                       2
   d - Spectral Weapon                Hexes/Charms                 3
   e - Regeneration                   Charms/Necromancy            3
Comestibles
 d - 2 rations


   Skills:
 - Level 2.4 Fighting
 + Level 4.5 Long Blades
 - Level 1.2 Armour
 - Level 2.1 Dodging
 - Level 2.1 Spellcasting
 - Level 3.5 Charms


You had 5 spell levels left.
You knew the following spells:

 Your Spells              Type           Power        Failure   Level  Hunger
a - Infusion              Chrm           ##..         8%          1    ##.....


Dungeon Overview and Level Annotations

Branches:
Dungeon (2/15)

Altars:

Annotations:
D:2 Robin


Innate Abilities, Weirdness & Mutations

Shadows flee at your approach. (+LOS)
You can swim through water.
You cover ground slowly.
You can hop short distances.


Message History

* * * LOW HITPOINT WARNING * * *
You barely miss the goblin.
Robin roars a battlecry!
The goblin goes into a battle-frenzy!
The goblin closely misses you.
You hear a shout!
You hit the goblin.
The goblin is heavily wounded.
The goblin hits you with a club.
* * * LOW HITPOINT WARNING * * *
You closely miss the goblin.
The goblin is heavily wounded.
Your magical infusion is running out.
The goblin hits you with a club.
* * * LOW HITPOINT WARNING * * *
You closely miss the goblin.
The goblin is heavily wounded.
Robin throws the goblin at you! The goblin closely misses you.
The goblin closely misses you.
Robin zaps a wand.
The puff of flame hits you!
You die...

#. .............(. +.#
#.##....g......
#..##.##...........
###+#..................
........#.###....#.....
.........÷..#K...# ..
......#.....'....#
.......g.).÷##...#
#......)@g..######
#.....#............
#..................
#........>.........
#.......#..........
#.......+..........
#.......##........#
#....... ####.....#
###..... .....#


You could see Robin, a goblin and a kobold.

Vanquished Creatures
  An adder (D:2)
  A dart slug (D:1)
  A giant cockroach (D:1)
  13 goblins
  5 hobgoblins
  3 kobolds (D:1)
  2 bats (D:1)
  A frilled lizard (D:1)
  A rat (D:1)
28 creatures vanquished.

Notes
Turn   | Place    | Note
-------+----------+-------------------------------------------
     0 | D:1      | diana the Barachi Skald began the quest for the Orb.
     0 | D:1      | Reached XP level 1. HP: 17/17 MP: 3/3
    86 | D:1      | Reached skill level 3 in Long Blades
    86 | D:1      | Reached XP level 2. HP: 10/23 MP: 5/5
   850 | D:2      | Reached skill level 4 in Long Blades
   850 | D:2      | Reached XP level 3. HP: 25/28 MP: 6/6
   862 | D:2      | Noticed Robin
  1167 | D:2      | HP: 1/28 [goblin/club[Robin] (4)]
  1169 | D:2      | Killed from afar by Robin

Skill      XL: |  1  2 |
---------------+-------+-----
Long Blades    | 3 4 |  4.5
Fighting       | |  2.4
Armour         | |  1.2
Dodging        | |  2.1
Spellcasting   | |  2.1
Charms         | |  3.5

Action                   || total
-------------------------++-------
Melee: Falchion          ||    85
 Cast: Infusion          ||     2
Armor: Leather armour    ||    24
Dodge: Dodged            ||    58
       Rpst.: Falchion   ||    17
